 Dungeon Crawl Stone Soup version 0.28.0 (webtiles) character file.

Game seed: 3886364501826142602

1893 inmateoo the Ruffian (level 8, 0/83 HPs)
             Began as a Troll Fighter on Feb 13, 2022.
             Was an Initiate of Hepliaklqana.
             Slain by a scorpion (5 damage)
             ... on level 7 of the Dungeon.
             The game lasted 00:06:07 (4877 turns).

inmateoo the Ruffian (Troll Fighter)                Turns: 4877, Time: 00:06:07

Health: 0/83       AC:  8    Str: 25    XL:     8   Next: 93%
Magic:  7/7        EV:  9    Int:  4    God:    Hepliaklqana [......]
Gold:   214        SH:  8    Dex: 11    Spells: 7/7 levels left

rFire   + . .      SeeInvis +     - Unarmed
rCold   . . .      Faith    .   b - +0 kite shield
rNeg    + . .      Spirit   .   t - +0 troll leather armour
rPois   +          Reflect  .   (helmet restricted)
rElec   .          Harm     .   o - +1 cloak
rCorr   .          Rampage  .   (gloves unavailable)
Will    .....                   (boots unavailable)
Stlth   +.........              p - amulet of magic regeneration
HPRegen 1.83/turn               h - ring of protection from fire
MPRegen 0.50/turn               r - ring "Vuani" {rPois rN+ SInv}

@: hasted, very quick
A: large, unfitting armour, claws 3, regeneration 1, shaggy fur 1, tough skin 1
a: Renounce Religion


You were on level 7 of the Dungeon.
You worshipped Hepliaklqana.
Hepliaklqana was noncommittal.
You visited 2 branches of the dungeon, and saw 8 of its levels.

You collected 214 gold pieces.

Inventory:

Missiles
 g - 4 large rocks
 k - 4 throwing nets (quivered)
Armour
 b - a +0 kite shield (worn)
 o - a +1 cloak (worn)
 t - a +0 troll leather armour (worn)
Jewellery
 a - a +6 ring of intelligence
 h - a ring of protection from fire (left claw)
 j - a +6 ring of intelligence
 p - an amulet of magic regeneration (around neck)
 r - the ring "Vuani" (right claw) {rPois rN+ SInv}
   (You found it on level 5 of the Dungeon)

   [ring of see invisible]

   rPois:     It protects you from poison.
   rN:        It protects you from negative energy.
   SInv:      It lets you see invisible.
Scrolls
 e - 2 scrolls of immolation
 i - 4 scrolls of teleportation
 l - 4 scrolls of magic mapping
 m - 3 scrolls of amnesia
 n - a scroll of enchant armour
 q - 2 scrolls of identify
Potions
 c - a potion of might
 d - 4 potions of haste
 f - 4 potions of curing
 s - a potion of resistance


   Skills:
 + Level 6.1 Fighting
 + Level 3.3 Throwing
 - Level 4.0 Dodging
 - Level 4.0 Shields
 + Level 7.0 Unarmed Combat


You had 7 spell levels left.
You didn't know any spells.
Your spell library contained the following spells:

 Spells                   Type           Power      Damage    Failure   Level
 Sting                    Tmut/Pois      0%         1d3       83%         1
 Poisonous Vapours        Pois/Air       0%         N/A       93%         2
 Ozocubu's Armour         Ice            0%         N/A       99%         3
 Olgreb's Toxic Radiance  Pois           0%         N/A       100%        4
 Metabolic Englaciation   Hex/Ice        0%         N/A       100%        5
 Simulacrum               Ice/Necr       0%         N/A       100%        6


Dungeon Overview and Level Annotations

Branches:
Dungeon (7/15)             Temple (1/1) D:5

Altars:
Ashenzari
Cheibriados
Dithmenos
Fedhas
Gozag
Hepliaklqana
Kikubaaqudgha
Nemelex Xobeh
Qazlal
Ru
Sif Muna
Trog
Uskayaw
Vehumet
Wu Jian
Xom
Yredelemnul
Zin
The Shining One

Annotations:
D:7 Harold


Innate Abilities, Weirdness & Mutations

You are too large for most types of armour.
You have claws for hands.
Your natural rate of healing is unusually fast.
You are covered in fur. (AC +1)
You have tough skin. (AC +1)


Message History

No target in view!
Found an escape hatch in the floor.
Harold the Weathered comes into view.
He is wielding a +0 glaive.
Harold shouts!
Harold throws a throwing net.
The throwing net barely misses you.
You see here a throwing net.
Harold is nearby!
Found a stone staircase leading up.
Harold throws a throwing net.
The throwing net hits you.
You become entangled in the net!
You see here a throwing net.
You are held in a net!
You are held in a net!
You struggle against the net.
Harold hits you from afar with a +0 glaive!
A scorpion comes into view.
You are held in a net!
You struggle against the net.
Harold hits you from afar with a +0 glaive!!
You are held in a net!
You tear a large gash into the net.
Harold hits you from afar with a +0 glaive!!
You are too injured to fight recklessly!
You struggle against the net.
Harold hits you from afar with a +0 glaive.
The scorpion stings you but does no damage.
You shred the net and break free!
Harold hits you from afar with a +0 glaive!!
* * * LOW HITPOINT WARNING * * *
You block the scorpion's attack.
You see here a throwing net.
You feel better.
The scorpion stings you but does no damage.
Harold hits you from afar with a +0 glaive!
* * * LOW HITPOINT WARNING * * *
You feel yourself speed up.
The scorpion stings you but does no damage.
Harold hits you from afar with a +0 glaive.
* * * LOW HITPOINT WARNING * * *
The scorpion stings you.
You die...

≈≈≈≈≈≈...
≈≈≈≈≈≈≈.##
≈≈♣>.≈≈≈≈..# #<
≈≈..P♣.≈≈≈≈(# ..
≈≈≈P._.P≈≈≈≈.#
###.#
≈≈≈P.P.P≈≈≈≈.# ...
≈≈≈≈P<.≈≈≈≈..###.#
≈≈≈≈≈≈≈≈≈≈≈..@s@.#
.
.≈≈≈≈≈≈≈≈≈..####.#
. ..≈≈≈≈≈≈≈..##
... . ....≈≈≈...##
..#.# #
#......##### ...
..
#####...##.....#
.... ..
##.........###..#
###.# .
......##...# .. ..
......###..###.#


You could see Harold and a scorpion.

Vanquished Creatures
  A troll (D:6)
  A steam dragon (D:6)
  A water moccasin (D:5)
  A black bear (D:6)
  3 centaurs
  2 phantoms
  A kobold brigand (D:5)
  2 scorpions
  A gnoll sergeant (D:5)
  A water moccasin zombie (D:6)
  4 hounds
  2 jellies
  A bullfrog zombie (D:5)
  2 centaur skeletons
  4 iguanas
  A howler monkey zombie (D:6)
  Robin (D:3)
  7 gnolls
  2 howler monkey skeletons
  8 adders
  A shadow imp (D:6)
  An ufetubus (D:5)
  3 dart slugs
  4 orcs
  6 ball pythons
  7 endoplasms
  4 giant cockroaches
  6 hobgoblins
  4 quokkas
  A bat (D:3)
  4 frilled lizards
  21 goblins
  10 kobolds
  5 rats
123 creatures vanquished.

Notes
Turn   | Place    | Note
-------+----------+-------------------------------------------
     0 | D:1      | inmateoo the Troll Fighter began the quest for the Orb.
     0 | D:1      | Reached XP level 1. HP: 22/22 MP: 0/0
    58 | D:1      | Found a faded altar of an unknown god.
   103 | D:1      | Reached XP level 2. HP: 26/29 MP: 1/1
   588 | D:1      | You fall into a shaft and drop 1 floor!
   844 | D:2      | Reached XP level 3. HP: 37/37 MP: 2/2
  1573 | D:3      | Reached skill level 3 in Unarmed Combat
  1654 | D:3      | Reached XP level 4. HP: 27/45 MP: 3/3
  1759 | D:3      | Found a snail-covered altar of Cheibriados.
  1797 | D:3      | Noticed Robin
  1827 | D:3      | Killed Robin
  2230 | D:4      | Reached skill level 4 in Unarmed Combat
  2230 | D:4      | Reached XP level 5. HP: 41/54 MP: 4/4
  2332 | D:4      | Noticed a phantom
  2359 | D:4      | Killed a phantom
  2363 | D:4      | Reached XP level 6. HP: 38/62 MP: 5/5
  2497 | D:4      | Reached skill level 5 in Unarmed Combat
  2658 | D:4      | Found a hide-covered altar of Uskayaw.
  2658 | D:4      | Noticed a +0 falchion
  2658 | D:4      | Noticed a +0 short sword
  2659 | D:4      | Noticed a +0 dagger
  2659 | D:4      | Noticed a +0 spear
  2660 | D:4      | Noticed a +0 dagger
  2660 | D:4      | Noticed a +0 short sword
  2829 | D:4      | Noticed a +0 falchion
  2829 | D:4      | Noticed a +0 spear
  2976 | D:5      | Entered Level 5 of the Dungeon
  3115 | D:5      | Noticed a water moccasin
  3129 | D:5      | Killed a water moccasin
  3130 | D:5      | Reached skill level 5 in Fighting
  3130 | D:5      | Reached XP level 7. HP: 50/72 MP: 6/6
  3264 | D:5      | Identified the ring "Vuani" {rPois rN+ SInv}
  3338 | D:5      | Found a staircase to the Ecumenical Temple.
  3475 | Temple   | Entered the Ecumenical Temple
  3658 | Temple   | Became a worshipper of Hepliaklqana the Forgotten
  3715 | D:5      | Reached skill level 1 in Throwing
  3761 | D:5      | Reached skill level 6 in Unarmed Combat
  4340 | D:6      | Noticed a troll
  4352 | D:6      | Killed a troll
  4353 | D:6      | Reached XP level 8. HP: 63/81 MP: 7/7
  4827 | D:7      | Reached skill level 7 in Unarmed Combat
  4859 | D:7      | Found a blossoming altar of Fedhas.
  4867 | D:7      | Noticed Harold
  4875 | D:7      | HP: 3/83 [Harold (15)]
  4877 | D:7      | Slain by a scorpion

Illustrated notes

Levels and vault maps discovered:
D:1:      dpeg_arrival_pits, layout_basic, serial_rivers,
          chequers_serial_rivers_micro_c, chequers_serial_rivers_marsh,
          chequers_serial_rivers_micro_b, chequers_serial_rivers_marsh,
          chequers_ecumenical_altar_simple
D:2:      layout_basic, hangedman_decor_riveting
D:3:      layout_rooms, mainiacjoe_overflow_surrounded_room, minmay_puff,
          uniq_robin
D:4:      layout_basic, nicolae_uskayaw_en_pointe, bh_walls_and_bars
D:5:      minmay_inner_zag, layout_loops_corners, temple_pool_b
D:6:      layout_cave_pools, chequers_hall_statues_y
D:7:      layout_loops_cross, fedhas_ov_isle_minmay, serial_shops,
          kennysheep_mini_moat, uniq_harold, uniq_menkaure, uniq_joseph
Temple:   eino_temple_scatter_basement

Skill      XL: |  1  2  3  4  5  6  7  8 |
---------------+-------------------------+-----
Fighting       | 3 4 5 6 |  6.1
Unarmed Combat | 3 4 5 6 7 |  7.0
Throwing       | 2 3 |  3.3
Dodging        | 3 4 |  4.0
Shields        | 3 4 |  4.0

Action                   |  1- 3 |  4- 6 |  7- 9 || total
-------------------------+-------+-------+-------++-------
Melee: Unarmed           |   101 |   133 |   146 ||   380
Throw: Throwing net      |       |       |     1 ||     1
  Use: Scroll            |       |     7 |     2 ||     9
       Potion            |       |       |     2 ||     2
 Stab: Sleeping          |     1 |     3 |     1 ||     5
       Held in net/web   |       |       |     1 ||     1
Armor: Robe              |    20 |    27 |    25 ||    72
       Troll leather arm |       |       |    21 ||    21
Dodge: Dodged            |    31 |    44 |    69 ||   144
Block: Kite shield       |    29 |    42 |    56 ||   127
